 Dungeon Crawl Stone Soup version 0.26.1-2-gb8aa6d0cf2 (webtiles) character file.

Game seed: 16654461957682519945

363982 OdinFK the Cloud Mage (level 22, -5/146 HPs)
             Began as a Tengu Air Elementalist on Feb 8, 2021.
             Was an Initiate of Gozag.
             Hit by a large rock thrown by a stone giant (45 damage)
             ... on level 5 of the Vaults on Feb 9, 2021.
             The game lasted 05:11:34 (45838 turns).

OdinFK the Cloud Mage (Tengu Air Elementalist)     Turns: 45838, Time: 05:11:35

Health: -5/146     AC: 20    Str: 24    XL:     22   Next: 51%
Magic:  17/28      EV: 30    Int: 42    God:    Gozag
Gold:   2885       SH:  8    Dex: 18    Spells: 16/41 levels left

rFire    + + .     SeeInvis .   a - +11 war axe "Dadur" {flame, +Rage Dex+4}
rCold    + . .     Faith    .   F - +3 buckler {AC+3}
rNeg     + . .     Spirit   .   g - +2 robe {rC+ rF+}
rPois    +         Reflect  .   B - +2 hat
rElec    +         Harm     .   P - +3 cloak "Ihebe" {rN+ Str+8 Int+4 Dex-4}
rCorr    +         Rampage  .   z - +2 pair of gloves of Gluttony {Will++ MP-9 Int+4 Dex+3}
Will     +++..                  (boots unavailable)
Stlth    ++++......             n - amulet "Hotitser" {RegenMP Int+4 Stlth+}
HPRegen  0.34/turn              l - +6 ring of intelligence
MPRegen  0.46/turn              p - ring of the Genius {rPois rC- AC+4 Str+6}

@: resistant, gold aura, flying quickly and evasively, bribing [the Vaults],
quick
A: beak, talons 3, able to fly
}: 2/15 runes: barnacled, gossamer
a: Stop Flying, Renounce Religion, Evoke Berserk Rage, Potion Petition, Call
Merchant, Bribe Branch


You were on level 5 of the Vaults.
You worshipped Gozag.
Gozag was most pleased with you.
You visited 7 branches of the dungeon, and saw 37 of its levels.
You visited 1 bazaar.
You also visited: Sewer, Ossuary and Bailey.

You collected 16051 gold pieces.
You spent 4297 gold pieces at shops.
You paid 8869 gold pieces to Gozag.

Inventory:

Hand Weapons
 a - the +11 war axe "Dadur" (weapon) {flame, +Rage Dex+4}
   (You bought it in a shop on level 2 of the Orcish Mines)

   It has been specially enchanted to burn those struck by it, causing extra
   injury to most foes and up to half again as much damage against particularly
   susceptible opponents.
   Big, fiery blades are also staple armaments of hydra-hunters.
   It affects your dexterity (+4).
   It lets you go berserk.
Missiles
 j - 64 poisoned darts
 W - 2 curare-tipped darts
Armour
 g - a +2 robe of resistance (worn)
 z - the +2 pair of gloves of Gluttony (worn) {Will++ MP-9 Int+4 Dex+3}
   (You found it on level 4 of the Lair of Beasts)

   It affects your intelligence (+4).
   It affects your dexterity (+3).
   It affects your willpower, your defense against some magical effects.
   It affects your magic capacity (-9).
 B - a +2 hat (worn)
 F - a +3 buckler of protection (worn)
 N - the +3 kite shield "Ihepa" {rF- rCorr Str+10}
   (You found it on level 3 of the Shoals)

   It affects your strength (+10).
   It makes you vulnerable to fire.
   It provides partial protection from all sources of acid and corrosion.
 P - the +3 cloak "Ihebe" (worn) {rN+ Str+8 Int+4 Dex-4}
   (You bought it in a shop on level 2 of the Orcish Mines)

   It affects your strength (+8).
   It affects your intelligence (+4).
   It affects your dexterity (-4).
   It protects you from negative energy.
 T - a +4 troll leather armour
 Y - a +2 cloak of preservation
Magical Staves
 b - an uncursed staff of air
Jewellery
 k - an uncursed ring of see invisible
 l - a +6 ring of intelligence (left hand)
 n - the amulet "Hotitser" (around neck) {RegenMP Int+4 Stlth+}
   (You acquired it on level 3 of the Shoals)

   [amulet of magic regeneration]

   It increases your magic regeneration.
   It affects your intelligence (+4).
   It makes you more stealthy.
 p - the ring of the Genius (right hand) {rPois rC- AC+4 Str+6}
   (You bought it in a shop on level 8 of the Dungeon)

   [ring of protection]

   It affects your AC (+4).
   It affects your strength (+6).
   It makes you vulnerable to cold.
   It protects you from poison.
 q - the ring "Visang" {Wiz Will+}
   (You found it on level 1 of the Spider Nest)

   [ring of wizardry]

   It improves your spell success rate.
   It affects your willpower, your defense against some magical effects.
 v - a +4 ring of evasion
 D - an uncursed ring of protection from cold
Wands
 d - a wand of disintegration (23)
 e - a wand of acid (31)
 A - a wand of flame (72)
 V - a wand of iceblast (18) (quivered)
 X - a wand of digging (6)
Scrolls
 f - a scroll of fear
 i - 2 scrolls of identify
 t - 3 scrolls of teleportation
 u - 14 scrolls of remove curse
 x - 3 scrolls of blinking
 y - 5 scrolls of fog
 C - a scroll of brand weapon
 E - 3 scrolls of vulnerability
 J - a scroll of enchant armour
 K - a scroll of enchant weapon
 L - a scroll of silence
 M - 5 scrolls of magic mapping
 R - 2 scrolls of immolation
Potions
 c - 6 potions of curing
 h - 2 potions of haste
 m - 5 potions of might
 o - 6 potions of ambrosia
 s - 7 potions of brilliance
 w - 4 potions of heal wounds
 G - a potion of magic
 H - 2 potions of cancellation
 O - 5 potions of invisibility
 Z - 2 potions of mutation
Miscellaneous
 I - a lightning rod (1/4)
 Q - a tin of tremorstones (2/2)
 S - a box of beasts (inert)
 U - a phantom mirror (inert)


   Skills:
 + Level 17.9 Fighting
 - Level 10.0 Axes
 - Level 4.0 Staves
 - Level 4.0 Throwing
 - Level 3.7 Armour
 + Level 15.4 Dodging
 - Level 4.0 Stealth
 - Level 4.0 Shields
 - Level 10.0 Spellcasting
 + Level 17.7 Conjurations
 - Level 2.0 Translocations
 - Level 23.0 Air Magic
 + Level 12.6 Evocations


You had 16 spell levels left.
You knew the following spells:

 Your Spells              Type           Power        Failure   Level
a - Apportation           Tloc           74%          1%          1
b - Blink                 Tloc           N/A          1%          2
c - Airstrike             Air            60%          0%          4
d - Lightning Bolt        Conj/Air       56%          0%          5
e - Silence               Hex/Air        43%          1%          5
f - Chain Lightning       Conj/Air       56%          2%          8

Your spell library contained the following spells:

 Spells                   Type           Power        Failure   Level
 Magic Dart               Conj           100%         0%          1
 Shock                    Conj/Air       100%         0%          1
 Searing Ray              Conj           100%         0%          2
 Swiftness                Air            100%         0%          2
 Static Discharge         Conj/Air       100%         0%          3
 Animate Skeleton         Necr           42%          1%          1
 Corona                   Hex            23%          1%          1
 Foxfire                  Conj/Fire      100%         1%          1
 Freeze                   Ice            84%          1%          1
 Pain                     Necr           84%          1%          1
 Sting                    Tmut/Pois      84%          1%          1
 Summon Small Mammal      Summ           84%          1%          1
 Poisonous Vapours        Pois/Air       100%         1%          2
 Conjure Flame            Conj/Fire      76%          1%          3
 Dazzling Flash           Conj/Hex       100%         1%          3
 Gell's Gravitas          Tloc           18%          1%          3
 Mephitic Cloud           Conj/Pois/Air  94%          1%          3
 Fulminant Prism          Conj/Hex       38%          1%          4
 Hailstorm                Conj/Ice       76%          1%          4
 Iskenderun's Mystic Bla  Conj/Tloc      81%          1%          4
 Sticky Flame             Conj/Fire      76%          1%          4
 Fireball                 Conj/Fire      38%          1%          5
 Call Imp                 Summ           21%          2%          2
 Ensorcelled Hibernation  Hex/Ice        42%          2%          2
 Slow                     Hex            21%          2%          2
 Confusing Touch          Hex            21%          4%          3
 Frozen Ramparts          Ice            42%          4%          3
 Ignite Poison            Fire/Tmut/Pois 21%          4%          3
 Inner Flame              Hex/Fire       21%          4%          3
 Ozocubu's Armour         Ice            21%          4%          3
 Tukima's Dance           Hex            21%          4%          3
 Vampiric Draining        Necr           10%          4%          3
 Animate Dead             Necr           10%          16%         4
 Olgreb's Toxic Radiance  Pois           21%          16%         4
 Petrify                  Tmut/Erth      21%          16%         4
 Summon Ice Beast         Ice/Summ       21%          16%         4
 Summon Forest            Summ/Tloc      14%          28%         5
 Agony                    Necr           21%          38%         5
 Borgnjor's Vile Clutch   Necr/Erth      10%          38%         5
 Metabolic Englaciation   Hex/Ice        10%          38%         5
 Summon Demon             Summ           10%          38%         5
 Summon Mana Viper        Hex/Summ       21%          38%         5
 Yara's Violent Unravell  Hex/Tmut       10%          38%         5
 Shadow Creatures         Summ           N/A          93%         6
 Lehudib's Crystal Spear  Conj/Erth      38%          95%         8
 Malign Gateway           Summ/Tloc      14%          100%        7
 Monstrous Menagerie      Summ           10%          100%        7
 Summon Greater Demon     Summ           10%          100%        7
 Summon Hydra             Summ           10%          100%        7
 Summon Horrible Things   Summ           10%          100%        8
 Absolute Zero            Ice            10%          100%        9
 Fire Storm               Conj/Fire      38%          100%        9


Dungeon Overview and Level Annotations

Branches:
Dungeon (15/15)            Temple (1/1) D:6            Lair (6/6) D:8
 Shoals (4/4) Lair:2       Spider (4/4) Lair:3        Slime (0/5) Lair:5
    Orc (2/2) D:12            Elf (0/3) Orc:2        Vaults (5/5) D:13
  Crypt (0/3) Vaults:2     Depths (0/5) D:15          Sewer (visited)
Ossuary (visited)          Bailey (visited)

Altars:
Ashenzari
Cheibriados
Gozag
Kikubaaqudgha
Makhleb
Okawaru
Wu Jian
Yredelemnul
Zin
Beogh
Jiyva

Shops:
D:6 [   D:8 =[   Orc:1 [   Orc:2 [[(!   Shoals:3 [   Vaults:1 (

Portals:
Hell: Lair:6
Trove: D:11 (give horn of Geryon)

Annotations:
Lair:4 Snorg
Lair:5 exclusions: downstairs and 2 oklob plants
Lair:6 Rupert
Spider:4 Bai Suzhen
Orc:2 Gastronok


Innate Abilities, Weirdness & Mutations

You have a beak for a mouth.
You have claws for feet.
You can fly continuously.


Message History

You block the storm dragon's attack.
Your storm dragon bites the shadow dragon!
Your storm dragon claws the shadow dragon but does no damage.
Your storm dragon tramples the shadow dragon but does no damage.
The shadow dragon bites your storm dragon!
The shadow dragon barely misses your storm dragon.
The shadow dragon claws your storm dragon.
You slash the ettin! You burn the ettin.
You kill the ettin!
You hit the storm dragon. You burn the storm dragon.
Your storm dragon bites the shadow dragon.
Your storm dragon claws the shadow dragon.
Your storm dragon tramples the shadow dragon but does no damage.
The vault sentinel hits your storm dragon with a +2 vampiric long sword.
The storm dragon breathes lightning at you.
The bolt of lightning hits you! You resist.
* * * LOW HITPOINT WARNING * * *
The stone giant throws a large rock.
The large rock hits you!!!
You die...
Your body crumbles into a pile of gold.

$ .. #.. [$$#.. #De#..
..cc* ..D(.
#######################.
.......@Ds.D.p...:?..cD$
.......$..cDDp.....○..p$
........^..pp.....C$....
..........Cc......(.C...
#######################.
... #.... #.... $ ####.


You could see a shadow dragon, a storm dragon (catching breath, corroded), an
ice dragon, a stone giant, a vault warden (strong), a yaktaur captain, a vault
guard, a wolf spider shaped shifter, a vault sentinel (catching breath), an
ironbrand convoker, a yaktaur and a friendly storm dragon (summoned, catching
breath, drained).

Vanquished Creatures
  Mara (Vaults:2)
  Frederick (Vaults:1)
  Jory (Vaults:4)
  Arachne (Spider:3)
  A titan (Vaults:4)
  Polyphemus (Shoals:3)
  Kirke (Spider:2)
  Donald (Spider:3)
  3 sphinxes
  Agnes (Spider:3)
  5 tengu reavers
  12 vault wardens
  Ilsuiw (Shoals:4)
  A draconian knight (Vaults:1)
  Aizul (Shoals:1)
  2 frost giants
  3 fire giants (Vaults:4)
  2 ghost moths
  Louise (Spider:4)
  6 emperor scorpions
  2 orc warlords
  A spriggan defender (Vaults:1)
  8 ironheart preservers
  A very ugly thing (Vaults:5)
  6 stone giants
  3 entropy weavers
  4 ettins
  5 merfolk javelineers (Shoals:4)
  3 fire dragons
  The ghost of Marvel the Eclecticist, a journeyman SpEn of Okawaru (Lair:4)
  6 yaktaur captains
  3 merfolk impalers
  5 great orbs of eyes
  31 vault guards
  3 ice dragons
  Harold (D:8)
  4 centaur warriors
  7 boulder beetles
  2 catoblepae
  7 hydras
  A merfolk avatar (Shoals:3)
  8 merfolk aquamancers
  2 death knights (Vaults:2)
  Erica (D:9)
  A tengu warrior (D:13)
  30 two-headed ogres
  2 alligator snapping turtles (Shoals:4)
  7 ogre magi
  12 death yaks
  A satyr (Shoals:4)
  8 death scarabs (Spider:4)
  Urug (D:12)
  A sun demon (Lair:6)
  5 deep elf knights
  2 shadow wraiths
  10 sea snakes
  A death drake (shapeshifter) (Vaults:2)
  4 wizards
  2 deep elf archers (Vaults:3)
  A lindwurm (shapeshifter) (Vaults:5)
  The ghost of OdinFK the Zephyrmancer, a novice TeAE of Gozag (D:8)
  12 ironbrand convokers
  3 wolf spider zombies
  An orc sorcerer (Orc:1)
  3 necromancers
  A sphinx zombie (Vaults:4)
  17 orc knights
  33 harpies
  A shining eye (shapeshifter) (Vaults:4)
  3 oklob plants (D:9)
  10 orb spiders
  23 manticores
  3 fauns (Shoals:4)
  21 wolf spiders
  2 spectral wolf spiders (Spider:4)
  12 deep elf magi
  23 ugly things
  A salamander (shapeshifter) (D:15)
  A tengu skeleton (Vaults:2)
  6 moths of wrath
  4 elephants (Lair:6)
  4 cyclopes
  A guardian serpent (shapeshifter) (Vaults:4)
  12 merfolk sirens
  A frost giant skeleton (Vaults:2)
  9 vault sentinels
  2 black mambas
  A titan simulacrum (Vaults:4)
  4 torpor snails
  3 orange demons (Lair:6)
  A gargoyle (D:12)
  8 water nymphs
  4 spectral redbacks (Spider:4)
  A kobold demonologist (D:15)
  12 cane toads
  5 rime drakes
  35 yaktaurs
  11 komodo dragons
  A hellwing (Lair:6)
  4 freezing wraiths
  4 redback zombies (Spider:4)
  35 merfolk
  8 demonic crawlers
  A wind drake (shapeshifter) (Vaults:4)
  35 jumping spiders
  8 trolls
  6 meliai (D:15)
  A harpy zombie (D:13)
  3 ice devils (Lair:6)
  A tengu simulacrum (Vaults:3)
  5 wind drakes
  7 hornets
  Grinder (Sewer)
  Prince Ribbit (D:6)
  2 polar bears
  15 blink frogs
  2 spectral jumping spiders (Spider:4)
  13 slime creatures (Vaults:1)
  2 tarantella zombies (Spider:4)
  A stone giant simulacrum (Vaults:3)
  An ettin zombie (Vaults:4)
  6 snapping turtles
  A blink frog (shapeshifter) (Vaults:4)
  3 jumping spider zombies (Spider:4)
  3 spectral tarantellas
  56 redbacks
  17 tarantellas
  22 water elementals
  7 wraiths
  2 tarantellas (shapeshifter)
  62 yaks
  A vampire (D:11)
  2 shadows
  3 wyverns
  7 hogs (Spider:1)
  A basilisk (shapeshifter) (Vaults:3)
  7 basilisks
  Grum (D:9)
  3 vampire mosquitoes (D:15)
  8 wargs
  A soldier ant (D:13)
  An acid dragon (D:15)
  29 water moccasins
  A deep troll zombie (Vaults:2)
  A floating eye (D:9)
  A spectral hornet (Spider:4)
  A hornet zombie (Spider:4)
  3 hell hounds (Lair:6)
  5 ice beasts
  52 orc warriors
  4 black bears
  3 phantoms
  A sky beast (D:8)
  26 ogres
  3 necrophages
  7 wolves
  A boggart (Vaults:1)
  3 centaurs
  6 big kobolds
  An elf skeleton (Vaults:2)
  A gnoll sergeant (D:6)
  20 bullfrogs
  2 wyvern skeletons
  9 scorpions
  A troll zombie (D:12)
  18 killer bees
  A human simulacrum (Vaults:1)
  3 wights (D:8)
  3 electric eels
  5 howler monkeys
  2 jellies
  3 quasits
  3 centaur zombies
  5 hounds
  31 orc wizards
  5 bullfrog zombies
  14 orc priests
  5 bullfrog skeletons
  4 centaur skeletons
  9 mummies (Ossuary)
  2 iguanas
  8 worker ants
  2 big kobold zombies (Sewer)
  5 ogre zombies (D:12)
  2 hound zombies
  A hound skeleton (D:10)
  4 worker ant zombies (Ossuary)
  11 gnolls
  16 adders
  5 shadow imps
  A white imp (D:6)
  9 ufetubi
  An ooze (Sewer)
  3 adder skeletons
  2 adder zombies (Ossuary)
  5 worms
  A dart slug (D:1)
  6 leopard geckos
  124 orcs
  5 giant cockroaches
  12 goblins
  4 hobgoblins
  21 jackals
  38 kobolds
  17 quokkas
  2 ball pythons (Sewer)
  4 bats
  2 frilled lizards
  3 goblin zombies (D:12)
  A hobgoblin skeleton (D:12)
  2 hobgoblin zombies (D:12)
  A jackal zombie (D:5)
  A kobold zombie (Sewer)
  A leopard gecko skeleton (D:6)
  A leopard gecko zombie (D:6)
  2 orc skeletons (D:12)
  10 orc zombies (D:12)
  4 quokka zombies (Ossuary)
  11 rats
1557 creatures vanquished.

Vanquished Creatures (collateral kills)
  A tentacled monstrosity (Vaults:5)
  A merfolk javelineer (Shoals:4)
  A yaktaur (Vaults:5)
3 creatures vanquished.

Vanquished Creatures (others)
  A lich (Vaults:5)
  A frost giant (Vaults:5)
  2 vault wardens (Vaults:5)
  A merfolk aquamancer (Shoals:4)
  An ironbrand convoker (Vaults:5)
  2 yaktaurs (Vaults:5)
  39 fungi
  212 plants
  4 tentacles (Shoals:4)
  6 withered plants (Ossuary)
269 creatures vanquished.

Grand Total: 1829 creatures vanquished

Notes
Turn   | Place    | Note
-------+----------+-------------------------------------------
     0 | D:1      | OdinFK the Tengu Air Elementalist began the quest for the
                  | Orb.
     0 | D:1      | Reached XP level 1. HP: 10/10 MP: 4/4
    65 | D:1      | You fall into a shaft and drop 1 floor!
   198 | D:2      | Reached XP level 2. HP: 16/16 MP: 3/6
   340 | D:1      | Reached skill level 1 in Fighting
   521 | D:1      | Reached XP level 3. HP: 15/20 MP: 3/7
  1101 | D:2      | Learned a level 3 spell: Static Discharge
  1865 | D:2      | Found an ancient bone altar of Kikubaaqudgha.
  1913 | D:3      | Reached XP level 4. HP: 26/26 MP: 3/8
  2038 | D:3      | Reached skill level 5 in Air Magic
  2160 | D:3      | Found a broken altar of Ashenzari.
  2276 | D:3      | Found a glowing drain.
  2295 | D:3      | Gained mutation: You can fly continuously. [Tengu growth]
  2295 | D:3      | Reached XP level 5. HP: 30/30 MP: 4/9
  2311 | Sewer    | Entered a sewer
  2437 | Sewer    | Reached skill level 1 in Evocations
  2699 | Sewer    | Found a burning altar of Makhleb.
  2705 | Sewer    | Reached XP level 6. HP: 36/36 MP: 5/10
  2739 | Sewer    | Learned a level 4 spell: Airstrike
  2810 | Sewer    | Reached skill level 5 in Conjurations
  2810 | Sewer    | Reached skill level 6 in Air Magic
  2832 | Sewer    | Noticed Grinder
  2842 | Sewer    | Killed Grinder
  2843 | Sewer    | Reached XP level 7. HP: 16/43 MP: 5/11
  3648 | D:4      | Reached skill level 1 in Throwing
  4030 | D:4      | Reached skill level 7 in Air Magic
  4168 | D:5      | Entered Level 5 of the Dungeon
  4414 | D:5      | Reached XP level 8. HP: 48/48 MP: 4/12
  4752 | D:5      | Reached skill level 5 in Fighting
  4827 | D:5      | Reached skill level 8 in Air Magic
  5727 | D:6      | Found a staircase to the Ecumenical Temple.
  5741 | Temple   | Entered the Ecumenical Temple
  5765 | Temple   | Became a worshipper of Gozag Ym Sagoz the Greedy
  5945 | D:6      | Reached XP level 9. HP: 44/56 MP: 7/13
  6065 | D:6      | Noticed Prince Ribbit
  6072 | D:6      | Killed Prince Ribbit
  6268 | D:6      | Found Dounwemo's Antique Armour Emporium.
  6288 | D:6      | Reached skill level 9 in Air Magic
  7350 | D:7      | Found a snail-covered altar of Cheibriados.
  7380 | D:7      | You are sucked into a shaft and drop 2 floors!
  7381 | D:9      | Noticed an oklob plant
  7381 | D:9      | Noticed Grum
  7402 | D:9      | Noticed a two-headed ogre
  7407 | D:9      | Noticed an oklob plant
  7751 | D:8      | Found a runed translucent door.
  7751 | D:8      | Noticed OdinFK's ghost (novice TeAE)
  7779 | D:8      | Found a staircase to the Lair.
  7815 | D:7      | Reached skill level 10 in Air Magic
  7985 | D:7      | Reached XP level 10. HP: 41/63 MP: 13/15
  8028 | D:8      | Noticed Harold
  8108 | D:8      | Found a sand-covered staircase.
  8114 | Ossuary  | Entered an ossuary
  8862 | D:8      | Reached skill level 11 in Air Magic
  9274 | D:8      | Reached skill level 5 in Dodging
  9407 | D:8      | Killed Harold
  9644 | Lair:1   | Entered Level 1 of the Lair of Beasts
  9647 | Lair:1   | Reached skill level 5 in Evocations
  9698 | Lair:1   | Noticed a six-headed hydra
  9741 | D:9      | Noticed Erica
  9905 | D:9      | Killed a two-headed ogre
  9906 | D:9      | Reached skill level 12 in Air Magic
  9937 | D:9      | Reached XP level 11. HP: 66/71 MP: 16/16
 10523 | D:9      | Learned a level 5 spell: Lightning Bolt
 10532 | D:9      | Killed Erica
 10587 | D:8      | Bought a pair of jewelled gloves for 218 gold pieces
 10587 | D:8      | Bought a faintly glowing robe for 131 gold pieces
 10587 | D:8      | Bought a distressingly furry robe for 131 gold pieces
 10592 | D:8      | Identified the cursed +0 pair of gloves "Atiloir" {Will+
                  | Str+4 Dex-5} (You bought it in a shop on level 8 of the
                  | Dungeon)
 10602 | D:8      | Identified the +1 robe of Qousk {rF- Str+2 SInv} (You
                  | bought it in a shop on level 8 of the Dungeon)
 10612 | D:8      | Identified the cursed +1 robe of Liukk {rF+ Slay+3} (You
                  | bought it in a shop on level 8 of the Dungeon)
 11273 | Lair:1   | Reached skill level 13 in Air Magic
 11542 | Lair:1   | Reached skill level 10 in Conjurations
 11884 | Lair:1   | Reached skill level 10 in Fighting
 11925 | Lair:2   | Noticed a manticore
 11941 | Lair:2   | Killed a manticore
 11942 | Lair:2   | Reached skill level 14 in Air Magic
 12022 | Lair:2   | Found a staircase to the Shoals.
 12031 | Lair:2   | Reached XP level 12. HP: 45/77 MP: 5/19
 12074 | Lair:2   | Noticed a death yak
 12074 | Lair:2   | Noticed a death yak
 12508 | Lair:2   | Noticed a death yak
 12577 | Lair:2   | Killed a death yak
 12609 | Lair:2   | Killed a death yak
 12730 | Lair:2   | Killed a death yak
 13127 | Lair:3   | Found a hole to the Spider Nest.
 13401 | Lair:3   | Noticed an eight-headed hydra
 13428 | Lair:3   | Killed an eight-headed hydra
 13754 | Lair:4   | Found a runed translucent gate.
 13754 | Lair:4   | Found a runed translucent gate.
 13754 | Lair:4   | Found a runed translucent gate.
 13807 | Lair:4   | Noticed a four-headed hydra
 13812 | Lair:4   | Killed a four-headed hydra
 13944 | Lair:4   | Noticed Snorg
 14012 | Lair:4   | Noticed Marvel's ghost (journeyman SpEn)
 14013 | Lair:4   | Noticed a nine-headed hydra
 14038 | Lair:4   | Killed Marvel's ghost
 14039 | Lair:4   | Reached skill level 15 in Air Magic
 14087 | Lair:4   | Killed a nine-headed hydra
 14088 | Lair:4   | Reached XP level 13. HP: 84/84 MP: 2/20
 14101 | Lair:4   | Got a pair of ichor-stained gloves
 14476 | Lair:5   | Reached skill level 16 in Air Magic
 14823 | Lair:5   | Found a snail-covered altar of Cheibriados.
 15191 | Lair:5   | Found a staircase to the Slime Pits.
 15192 | Lair:5   | Found a viscous altar of Jiyva.
 15493 | Lair:6   | Entered Level 6 of the Lair of Beasts
 15494 | Lair:6   | Noticed Rupert
 17033 | Lair:6   | Reached skill level 17 in Air Magic
 17065 | Lair:5   | Reached XP level 14. HP: 92/92 MP: 3/21
 17559 | Lair:6   | Reached skill level 18 in Air Magic
 18031 | Lair:6   | Found a burning altar of Makhleb.
 18467 | Lair:6   | Found a gateway to Hell.
 18748 | D:8      | Identified the +2 pair of gloves of Gluttony {Will++ MP-9
                  | Int+4 Dex+3} (You found it on level 4 of the Lair of
                  | Beasts)
 18784 | D:8      | Killed OdinFK's ghost
 18940 | D:9      | Killed Grum
 19362 | D:10     | Entered Level 10 of the Dungeon
 19364 | D:10     | Found an ornate altar of the Wu Jian Council.
 20425 | D:11     | Found a portal to a secret trove of treasure.
 22243 | D:12     | Found a staircase to the Orcish Mines.
 22552 | D:12     | Reached skill level 5 in Spellcasting
 23110 | D:13     | Reached XP level 15. HP: 97/97 MP: 22/24
 23410 | D:13     | Found a gate to the Vaults.
 23710 | Orc:1    | Entered Level 1 of the Orcish Mines
 23777 | Orc:1    | Noticed Urug
 23778 | Orc:1    | Noticed an orc warlord
 23849 | D:12     | Killed an orc warlord
 23850 | D:12     | Reached skill level 19 in Air Magic
 24094 | D:12     | Killed Urug
 24651 | Orc:2    | Entered Level 2 of the Orcish Mines
 24731 | Orc:1    | Noticed Gastronok
 25214 | Orc:1    | Found Cipej's Armour Boutique.
 26197 | Orc:2    | Found Evays's Armour Boutique.
 26197 | Orc:2    | Found Deidacann's Antique Armour Emporium.
 26204 | Orc:2    | Bought a glowing cloak for 202 gold pieces
 26224 | Orc:2    | Bought the +3 cloak "Ihebe" {rN+ Str+8 Int+4 Dex-4} for 570
                  | gold pieces
 26253 | Orc:2    | Found a roughly hewn altar of Beogh.
 26425 | Orc:2    | Found a roughly hewn altar of Beogh.
 26558 | Orc:2    | Found a staircase to the Elven Halls.
 26622 | Orc:2    | Found Qomoten's Antique Weapon Boutique.
 26622 | Orc:2    | Found Usio's Distillery.
 26628 | Orc:2    | Bought an ichor-stained war axe for 212 gold pieces
 26628 | Orc:2    | Identified the +11 war axe "Dadur" {flame, +Rage Dex+4}
                  | (You bought it in a shop on level 2 of the Orcish Mines)
 26640 | Orc:2    | Bought a potion of mutation for 112 gold pieces
 26640 | Orc:2    | Bought a potion of heal wounds for 70 gold pieces
 26837 | D:8      | Bought the ring of the Genius {rPois rC- AC+4 Str+6} for
                  | 897 gold pieces
 26878 | Spider:1 | Entered Level 1 of the Spider Nest
 26913 | Spider:1 | Reached skill level 20 in Air Magic
 27088 | Spider:1 | Reached skill level 1 in Axes
 27088 | Spider:1 | Reached skill level 1 in Armour
 27329 | Spider:1 | Got a translucent glass ring
 27331 | Spider:1 | Identified the ring "Visang" {Wiz Will+} (You found it on
                  | level 1 of the Spider Nest)
 27529 | Spider:1 | Noticed a ghost moth
 27537 | Spider:1 | Killed a ghost moth
 28064 | Spider:2 | Noticed Kirke
 28086 | Spider:1 | Reached XP level 16. HP: 69/105 MP: 1/26
 28372 | Spider:2 | Noticed a sphinx
 28373 | Spider:2 | HP: 3/105 [poisoned by a redback]
 29370 | Spider:2 | Killed Kirke
 29621 | Spider:2 | Learned a level 1 spell: Apportation
 29624 | Spider:2 | Learned a level 2 spell: Blink
 29678 | Spider:2 | Got a slimy robe
 30122 | Spider:3 | Noticed Arachne
 30253 | Spider:2 | Reached skill level 1 in Translocations
 30893 | Spider:4 | Entered Level 4 of the Spider Nest
 30896 | Spider:4 | Noticed Louise
 30914 | Spider:4 | Killed Louise
 30933 | Spider:4 | Reached skill level 10 in Dodging
 31010 | Spider:4 | Noticed Agnes
 31133 | Spider:4 | Noticed Bai Suzhen
 31194 | Spider:3 | Killed Arachne
 31195 | Spider:3 | Reached skill level 10 in Evocations
 31297 | Spider:3 | Killed Agnes
 31360 | Spider:4 | Noticed Donald
 31665 | Spider:3 | Killed Donald
 32422 | Spider:4 | Reached XP level 17. HP: 93/111 MP: 16/29
 32988 | Spider:4 | Reached skill level 21 in Air Magic
 33295 | Spider:4 | Got a gossamer rune of Zot
 33501 | Shoals:1 | Entered Level 1 of the Shoals
 33657 | Shoals:1 | Reached skill level 22 in Air Magic
 33779 | Shoals:1 | Noticed Aizul
 33801 | Shoals:1 | Killed Aizul
 34862 | Shoals:2 | Reached skill level 15 in Conjurations
 35079 | Shoals:3 | Identified a scroll of acquirement
 35139 | Shoals:3 | Got a transparent kite shield
 35162 | Shoals:3 | Identified the +3 kite shield "Ihepa" {rF- rCorr Str+10}
                  | (You found it on level 3 of the Shoals)
 35197 | Shoals:3 | Acquired the amulet "Hotitser" {RegenMP Int+4 Stlth+}
 35284 | Shoals:3 | Reached skill level 5 in Axes
 35284 | Shoals:3 | Reached XP level 18. HP: 117/118 MP: 6/31
 35293 | Shoals:3 | Noticed Polyphemus
 35584 | Shoals:3 | Found Piavuat's Antique Armour Shop.
 35720 | Shoals:3 | Killed Polyphemus
 35721 | Shoals:3 | Reached skill level 15 in Fighting
 35801 | Shoals:4 | Entered Level 4 of the Shoals
 36084 | Shoals:4 | Learned a level 5 spell: Silence
 36935 | Shoals:4 | Noticed Ilsuiw
 37095 | Shoals:4 | Found the +7 lajatang of Order {silver, rMut}
 37534 | Shoals:4 | Killed Ilsuiw
 37827 | Shoals:4 | Got a barnacled rune of Zot
 38025 | D:8      | Reached XP level 19. HP: 125/125 MP: 24/33
 38249 | D:14     | Identified the +2 robe "Zisopuj" {rC+ Will+} (You found it
                  | on level 2 of the Spider Nest)
 38267 | D:14     | Found a flagged portal.
 38279 | Bailey   | Entered a bailey
 38436 | Bailey   | Found a runed translucent gate.
 38437 | Bailey   | Found a runed translucent gate.
 38438 | Bailey   | Found a runed translucent gate.
 38578 | Bailey   | Learned a level 8 spell: Chain Lightning
 38585 | D:14     | Acquired a book of Conjurations
 38587 | D:14     | Acquired an uncursed staff of air
 38602 | D:14     | Found a basalt altar of Yredelemnul.
 39196 | D:15     | Entered Level 15 of the Dungeon
 39291 | D:15     | Reached XP level 20. HP: 132/132 MP: 7/34
 39548 | D:15     | Reached skill level 1 in Staves
 40223 | D:15     | Found a staircase to the Depths.
 40467 | Vaults:1 | Entered Level 1 of the Vaults
 40716 | Vaults:1 | Found Ippe's Weapon Shoppe.
 40721 | Vaults:1 | Reached skill level 10 in Spellcasting
 41382 | Vaults:1 | Noticed Frederick
 41500 | Vaults:1 | Killed Frederick
 41684 | Vaults:1 | Reached skill level 1 in Shields
 41784 | Vaults:2 | Found a flickering gateway to a bazaar.
 41799 | Bazaar   | Entered a bazaar
 41813 | Bazaar   | Found Etyac's Magic Scroll Emporium.
 41825 | Bazaar   | Bought a scroll of torment for 52 gold pieces
 41825 | Bazaar   | Bought a scroll of blinking for 52 gold pieces
 41825 | Bazaar   | Bought a scroll of enchant armour for 52 gold pieces
 41825 | Bazaar   | Bought a scroll of enchant weapon for 52 gold pieces
 41825 | Bazaar   | Bought a scroll of silence for 52 gold pieces
 41825 | Bazaar   | Bought a scroll of teleportation for 21 gold pieces
 41836 | Bazaar   | Found Acus's Antique Weapon Emporium.
 41852 | Bazaar   | Found Aluu's Gadget Shoppe.
 41857 | Bazaar   | Bought a box of beasts for 440 gold pieces
 41893 | Bazaar   | Bought a wand of acid (5) for 198 gold pieces
 41893 | Bazaar   | Bought a wand of acid (10) for 308 gold pieces
 41907 | Bazaar   | Bought a slimy mace for 248 gold pieces
 41907 | Bazaar   | Bought a twisted rapier for 279 gold pieces
 41907 | Bazaar   | Identified the +7 mace "Beastbane" {flame, Int+2} (You
                  | bought it in a shop in a bazaar)
 41908 | Bazaar   | Identified the cursed +1 rapier of Strategic Superiority
                  | {venom, Str+4 Int+5} (You bought it in a shop in a bazaar)
 42052 | Vaults:2 | Found a staircase to the Crypt.
 42437 | Vaults:2 | Noticed Mara
 42443 | Vaults:2 | Noticed OdinFK's illusion
 42449 | Vaults:2 | Killed Mara
 42998 | Vaults:3 | Reached XP level 21. HP: 139/139 MP: 18/36
 44264 | Vaults:4 | Noticed Jory
 44267 | Vaults:4 | Killed Jory
 44960 | Vaults:4 | Reached XP level 22. HP: 110/145 MP: 12/37
 45028 | Vaults:4 | Reached skill level 10 in Axes
 45303 | Vaults:4 | Reached skill level 15 in Dodging
 45374 | Vaults:5 | Entered Level 5 of the Vaults
 45540 | Vaults:5 | Reached skill level 23 in Air Magic
 45838 | Vaults:5 | Hit by a large rock thrown by a stone giant

Illustrated notes

Levels and vault maps discovered:
D:1:      dpeg_arrival_tiny_h, layout_loops_ring, serial_bayou_pond_a,
          minmay_tetromino_i4
D:2:      minmay_diamond_boxcup, layout_loops_corners,
          nicolae_overflow_hidden_temple, minmay_hedge_maze
D:3:      wad_woods_stonehenge, layout_loops_ring, gup_sewer_entry_glass
D:4:      layout_cave_pods
D:5:      minmay_evil_eye, layout_loops_corners, minmay_crossroads
D:6:      layout_basic, minmay_temple_entry_offerings, serial_shops,
          nicolae_shop_stone, uniq_prince_ribbit1
D:7:      layout_basic, cheibriados_altar_1
D:8:      layout_loops_ring, david_lair_generic, gammafunk_ghost_grave,
          enter_ossuary_1, uniq_harold
D:9:      layout_loops_ring, disabler_island, uniq_grum, uniq_erica
D:10:     layout_basic, basic_altar
D:11:     layout_loops_cross, nicolae_trove_entry_crossroad, kennysheep_potato
D:12:     layout_roguey [special_room_orc], zombieorc1_lemuel
D:13:     layout_roguey, david_vaults_1, nicolae_underground_beach
D:14:     layout_loops_cross, yredelemnul_altar_generic, enter_bailey_3,
          hangedman_fish_farm
D:15:     grunt_enter_depths_hoard, layout_basic, roderic_lattice_a,
          minivault_11
Temple:   roderic_octagonal_lattice_temple
Lair:1:   layout_long_grid, serial_bayou_shore_b, lemuel_fruit_tree,
          grunt_megastairs_5, infiniplex_staircase_pool
Lair:2:   layout_gridlike, minmay_shoals_entry_beasts
Lair:3:   layout_hall_layers, dummy_spider_entry, serial_bayou_shore_a
Lair:4:   layout_regular_city, gammafunk_ghost_hydra_chop,
          nicolae_lair_grove_arrangements, grunt_megastairs_1, uniq_snorg
Lair:5:   layout_loops_ring, slime_altar_1, kennysheep_snail_temple,
          minmay_lair_oklob_chamber
Lair:6:   evil_forest, layout_layer_cave, uniq_rupert
Shoals:1: layout_shoals, uniq_aizul
Shoals:2: layout_shoals, nicolae_shoals_loop_pool
Shoals:3: layout_shoals, serial_shops, nicolae_shop_overgrown_old_shop,
          ldierk_geyser, nicolae_shoals_so_close, uniq_polyphemus
Shoals:4: shoals_end_simple, layout_shoals, shoals_ilsuiw_ice,
          portal_ice_cave_entry_frozen_things, ldierk_geyser,
          nzn_prometheus_bound
Spider:1: layout_spider_delve, hangedman_spider_tarantella_strand
Spider:2: layout_spider_delve, uniq_kirke
Spider:3: layout_spider_delve, spiders_nest_spider_trap, uniq_arachne
Spider:4: floodkiller_spider_rune_tomb, uniq_donald, uniq_bai_suzhen,
          uniq_agnes, uniq_louise
Orc:1:    layout_caves, serial_shops, shop, nicolae_orc_sculptors_studio,
          uniq_urug, uniq_gastronok
Orc:2:    st_orc_town, layout_caves, basic_altar
Vaults:1: ontoclasm_vaults_fault, v_misc_17, vaults_dpeg_encased_lava,
          dpeg_vaults_monster_box, vaults_room_pools,
          nicolae_vaults_little_squares_1, grunt_vaults_funnel,
          vaults_room_semicircle, sword_in_stone, layout_vaults_omnigrid
Vaults:2: blue_anna_dwarven_crypt, vaults_room_semicircle,
          hangedman_vaults_pinch, v_misc_12, v_misc_8, vaults_room_semicircle,
          vaults_dpeg_ring, nicolae_vaults_yaktaur_gun_rack,
          layout_vaults_big_room, serial_shops, freezing_bzr, uniq_mara
Vaults:3: vaults_standard_mumra_x, v_rooms_6, vaults_room_corners, v_misc_2,
          v_misc_13, v_pattern_1, ontoclasm_vaults_bender, grunt_vaults_bifocal,
          vaults_mumra_chevron, nicolae_vaults_specimen_jars,
          hangedman_vaults_maws, layout_vaults_omnibox
Vaults:4: v_alt_pattern_6, nicolae_vaults_display_case, v_misc_24, v_rooms_1,
          nicolae_vaults_inception_scallops, hangedman_vaults_stream,
          grunt_vaults_twisty, nicolae_vaults_border_crossing,
          layout_vaults_ring, uniq_jory
Vaults:5

Skill      XL: |  1  2  3  4  5  6  7  8  9 10 11 12 13 14 15 16 17 18 19 20 21 22 |
---------------+-------------------------------------------------------------------+-----
Conjurations   | 2 3 4 5 6 8 9 10 11 12 13 14 15 16 17 | 17.7
Fighting       | 1 2 4 6 7 9 10 11 12 13 14 16 17 | 17.9
Air Magic      | 5 6 7 8 10 12 14 15 17 18 20 22 23 | 23.0
Evocations     | 1 2 4 5 6 7 8 9 10 11 12 | 12.6
Throwing       | 1 2 4 |  4.0
Dodging        | 3 4 5 6 7 8 9 10 12 14 15 | 15.4
Spellcasting   | 3 4 5 6 7 8 9 10 | 10.0
Stealth        | 3 4 |  4.0
Axes           | 2 4 5 6 7 8 9 10 | 10.0
Armour         | 2 3 |  3.7
Translocations | 1 2 |  2.0
Staves         | 2 4 |  4.0
Shields        | 4 |  4.0

Action                   |  1- 3 |  4- 6 |  7- 9 | 10-12 | 13-15 | 16-18 | 19-21 | 22-24 || total
-------------------------+-------+-------+-------+-------+-------+-------+-------+-------++-------
Melee: Short sword       |    43 |    33 |       |       |       |       |       |       ||    76
       Peck              |     6 |    13 |    18 |    16 |   166 |   213 |   162 |    12 ||   606
       Kick              |     4 |    12 |    41 |    51 |   266 |   301 |   253 |    16 ||   944
       Dagger            |       |    25 |   133 |       |       |       |       |       ||   158
       Trident           |       |       |    46 |   207 |   477 |       |       |       ||   730
       Morningstar       |       |       |       |       |   179 |       |       |       ||   179
       Scimitar          |       |       |       |       |   197 |       |       |       ||   197
       War axe           |       |       |       |       |    60 |   705 |   469 |    35 ||  1269
       Staff             |       |       |       |       |       |       |    86 |       ||    86
Throw: Dart              |       |       |    65 |   140 |   166 |    51 |    29 |     1 ||   452
 Cast: Shock             |    43 |    77 |   167 |    17 |     1 |       |       |       ||   305
       Airstrike         |       |       |    20 |   127 |   300 |   307 |   113 |     4 ||   871
       Static Discharge  |       |       |       |     1 |       |       |       |       ||     1
       Lightning Bolt    |       |       |       |    20 |   117 |    58 |    15 |     2 ||   212
       Apportation       |       |       |       |       |       |     2 |     1 |       ||     3
       Blink             |       |       |       |       |       |     3 |     2 |       ||     5
       Chain Lightning   |       |       |       |       |       |       |    59 |    19 ||    78
Invok: Call Merchant     |       |       |       |     1 |     1 |       |       |       ||     2
       Potion Petition   |       |       |       |       |     5 |     3 |     1 |     2 ||    11
       Bribe Branch      |       |       |       |       |       |       |       |     1 ||     1
 Abil: Fly               |       |     1 |       |       |     1 |     1 |     1 |       ||     4
       Stop Flying       |       |       |       |       |     2 |       |     1 |       ||     3
Evoke: Wand              |       |     2 |     1 |     6 |    10 |    14 |       |    28 ||    61
       Tin of tremorston |       |       |       |       |     4 |     5 |     2 |       ||    11
       Phantom mirror    |       |       |       |       |       |     1 |     1 |     2 ||     4
       Lightning rod     |       |       |       |       |       |       |       |     4 ||     4
       Box of beasts     |       |       |       |       |       |       |       |     1 ||     1
  Use: Scroll            |       |     1 |     6 |    11 |    16 |    10 |    10 |     2 ||    56
       Potion            |       |       |       |       |     4 |    11 |       |     6 ||    21
 Stab: Sleeping          |     9 |     2 |     7 |     3 |    10 |     2 |     8 |       ||    41
       Distracted        |       |       |     4 |     1 |    12 |     4 |     8 |       ||    29
       Paralysed         |       |       |       |       |     6 |       |       |       ||     6
       Held in net/web   |       |       |       |       |       |     2 |       |       ||     2
Armor: Robe              |    18 |    18 |    26 |    17 |    21 |       |       |     8 ||   108
       Troll leather arm |       |       |       |       |   203 |   391 |   170 |     4 ||   768
Dodge: Dodged            |    39 |    50 |   190 |   224 |  1431 |  1622 |   505 |    46 ||  4107
Block: Buckler           |       |       |       |       |       |       |    96 |    15 ||   111
       Rpst.: Scimitar   |       |       |       |       |   104 |       |       |       ||   104
